 Dungeon Crawl Stone Soup version 0.30-a0-715-gdb4ae3ece1 (webtiles) character file.

Game seed: 13881512829367575652

8961 OTABOTABOTAB the Destroyer (level 11, -2/54 HPs)
             Began as a Deep Elf Conjurer on Jan 23, 2023.
             Was a Priest of Sif Muna.
             Slain by a shadow (23 damage)
             ... on level 10 of the Dungeon.
             The game lasted 00:22:27 (12952 turns).

OTABOTABOTAB the Destroyer (Deep Elf Conjurer)     Turns: 12952, Time: 00:22:28

Health: -2/54      AC:  5    Str:  4    XL:     11   Next: 16%
Magic:  14/28      EV: 12    Int: 28    God:    Sif Muna [***...]
Gold:   1032       SH:  0    Dex: 13    Spells: 22/33 levels left

rFire   + . .      SeeInvis .    a - staff of earth
rCold   . . .      Faith    .    (no shield)
rNeg    . . .      Spirit   .    l - +1 robe {rF+}
rPois   +          Reflect  .    (no helmet)
rElec   .          Harm     .    b - +1 cloak
rCorr   .          Rampage  .    (no gloves)
Will    +....                    (no boots)
Stlth   ++                       (no amulet)
HPRegen 0.29/turn                P - ring of poison resistance {rPois, !d}
MPRegen 0.21/turn                Z - ring of wizardry {Wiz+, !d}

@: channelling
A: no striking features
a: Renounce Religion, Channel Magic, Forget Spell


You were on level 10 of the Dungeon.
You worshipped Sif Muna.
Sif Muna was most pleased with you.
You visited 2 branches of the dungeon, and saw 11 of its levels.
You also visited: Bailey.

You collected 1032 gold pieces.

Inventory:

Armour
 b - a +1 cloak (worn)
   (You found it on level 4 of the Dungeon)
 l - a +1 robe of fire resistance (worn)
   (You found it on level 2 of the Dungeon)
Magical Staves
 a - a staff of earth (weapon)
   (You found it on level 5 of the Dungeon)
Jewellery
 P - a ring of poison resistance (left hand) {rPois, !d}
   (You found it on level 4 of the Dungeon)
 Z - a ring of wizardry (right hand) {Wiz+, !d}
   (You took it off an orc warrior on level 7 of the Dungeon)
Wands
 d - a wand of digging (7)
   (You found it on level 6 of the Dungeon)
 e - a wand of charming (15)
   (You found it on level 4 of the Dungeon)
 o - a wand of roots (24)
   (You found it on level 4 of the Dungeon)
 p - a wand of quicksilver (8)
   (You found it on level 4 of the Dungeon)
 q - a wand of flame (36)
   (You found it on level 3 of the Dungeon)
 y - a wand of mindburst (16)
   (You found it on level 5 of the Dungeon)
Scrolls
 f - a scroll of amnesia
 g - a scroll of brand weapon
 i - 3 scrolls of enchant weapon
 j - a scroll of enchant armour
 m - a scroll of identify {@r1}
 n - 5 scrolls of fog
 Y - 3 scrolls of teleportation {@r3}
Potions
 h - a potion of magic
 G - a potion of ambrosia {!q}
 H - 2 potions of haste
 I - a potion of invisibility
 J - 6 potions of curing {@q1}
 L - 2 potions of flight
 M - 3 potions of might
 N - a potion of heal wounds {@q2}
 T - 3 potions of berserk rage {!q}
 U - 2 potions of mutation {!q}


   Skills:
 - Level 2.4 Dodging
 - Level 2.4 Stealth
 + Level 11.8 Spellcasting
 + Level 13.2 Conjurations
 - Level 5.0 Hexes
 - Level 5.0 Translocations
 + Level 8.3 Invocations


You had 22 spell levels left.
You knew the following spells:

 Your Spells              Type           Power      Damage    Failure   Level
a - Magic Dart            Conj           100%       1d8       0%          1
b - Searing Ray           Conj           100%       2d8       0%          2
c - Fulminant Prism       Conj/Hex       30%        3d16      1%          4
x - Iskenderun's Mystic   Conj/Tloc      61%        2d13      1%          4

Your spell library contained the following spells:

 Spells                   Type           Power      Damage    Failure   Level
 Apportation              Tloc           88%        N/A       1%          1
 Beastly Appendage        Tmut           32%        N/A       1%          1
 Necrotise                Necr           64%        1d7       1%          1
 Sandblast                Erth           48%        2d12      1%          1
 Summon Small Mammal      Summ           64%        N/A       1%          1
 Blink                    Tloc           88%        N/A       1%          2
 Lesser Beckoning         Tloc           88%        N/A       1%          2
 Momentum Strike          Conj/Tloc      100%       3d10      1%          2
 Passwall                 Tmut/Erth      20%        N/A       1%          2
 Dazzling Flash           Conj/Hex       100%       N/A       1%          3
 Stone Arrow              Conj/Erth      100%       3d13      1%          3


Dungeon Overview and Level Annotations

Branches:
Dungeon (10/15)            Temple (1/1) D:5          Bailey (visited)
   Lair: D:8-11         Orc: D:9-12

Altars:
Ashenzari
Cheibriados
Dithmenos
Elyvilon
Fedhas
Gozag
Hepliaklqana
Kikubaaqudgha
Makhleb
Nemelex Xobeh
Okawaru
Qazlal
Ru
Sif Muna
Trog
Uskayaw
Vehumet
Xom
Yredelemnul
Zin
The Shining One

Shops:
D:4 *   D:6 *   D:7 *


Message History

A vampire comes into view.
You now have 7/27 mp.
An orc zombie comes into view.
You see here a howler monkey corpse.
You regained 5 mp, and now have 12/27 mp.
You regained 5 mp, and now have 17/27 mp.
An orc zombie comes into view.
You regained 5 mp, and now have 22/27 mp.
MP restored: 27 You feel less invigorated.
An orc zombie comes into view.
The vampire casts a spell.
The vampire flickers and vanishes!
Deactivating autopickup; reactivate with Ctrl-A.
You conjure a prism of explosive energy!
A fulminant prism comes into view.
You now have 23/27 mp.
You erupt in a blast of force!
The mystic blast hits the yak.
The yak closely misses you.
Your fulminant prism crackles loudly.
You now have 19/27 mp.
You erupt in a blast of force!
The mystic blast hits the two-headed ogre!
The two-headed ogre is knocked back by the mystic blast.
The two-headed ogre collides with the orc zombie!
You destroy the orc zombie!
Sif Muna accepts your kill.
You kill the two-headed ogre!
Sif Muna accepts your kill.
The mystic blast hits the yak!
The yak is knocked back by the mystic blast.
The yak slams into the rock wall!
The mystic blast hits the yak!
The yak is knocked back by the mystic blast.
The blast of energy engulfs the yak!!
The blast of energy engulfs the yak!!!
You kill the yak!
Sif Muna accepts your kill.
The blast of energy engulfs the orc zombie!!
You destroy the orc zombie!
Sif Muna accepts your kill.
The blast of energy engulfs the orc zombie!
You destroy the orc zombie!
Sif Muna accepts your kill.
Your Conjurations skill increases to level 13!
Your Invocations skill increases to level 8!
You have reached level 11!
You regained 4 hp, and now have 38/54 hp.
You now have 15/28 mp.
You erupt in a blast of force!
The mystic blast hits the yak.
The yak is knocked back by the mystic blast.
The mystic blast hits the yak.
The yak is knocked back by the mystic blast.
The yak collides with something!
You now have 11/28 mp.
You erupt in a blast of force!
The mystic blast hits the yak!!
You kill the yak!
Sif Muna accepts your kill.
The mystic blast hits something!
The shadow slips into darkness.
The shadow flickers and vanishes!
You now have 8/28 mp.
An orc zombie comes into view.
Something hits you! Something bites you.
Something draws strength from your injuries!
You take 13 damage, and have 25/54 hp.
MASSIVE DAMAGE!!
You regained 5 mp, and now have 13/28 mp.
You erupt in a blast of force!
The mystic blast hits the yak!
The yak is knocked back by the mystic blast.
The yak collides with the orc skeleton!
You destroy the orc skeleton!
Sif Muna accepts your kill.
The mystic blast hits the yak.
The yak is knocked back by the mystic blast.
The mystic blast hits the yak!!
The yak is knocked back by the mystic blast.
The yak slams into the rock wall!
The mystic blast hits something but does no damage.
You hear a roar!
Something hits you. Something bites you.
Something draws strength from your injuries!
You take 4 damage, and have 21/54 hp.
You erupt in a blast of force!
The mystic blast hits the yak!!
You kill the yak!
Sif Muna accepts your kill.
The mystic blast hits the yak!!
You kill the yak!
Sif Muna accepts your kill.
The mystic blast hits something!
The mystic blast hits the yak!
You kill the yak!
Sif Muna accepts your kill.
The mystic blast hits something!
Something collides with the orc zombie!
You destroy the orc zombie!
Sif Muna accepts your kill.
You hear a roar!
A troll zombie comes into view.
You can't see any susceptible monsters within range! (Use Z to cast anyway.)
You conjure a prism of explosive energy!
A fulminant prism comes into view.
The shadow strikes at you from the darkness!
You die...

.. #### .... ##@.#
...#
#...#########..##.
##)††............
##...#*.........#
##....#..Z.......#
##......#.....>..##
##...†..#......†..#
#........Z...Z..Z#.#
##...W.....Z........


You could see an orc zombie, a troll zombie and a friendly fulminant prism.

Vanquished Creatures
  A two-headed ogre (D:10)
  Pikel (D:7)
  Grinder (D:3)
  13 yaks
  A shadow (D:10)
  2 wyverns (D:9)
  A wraith (D:7)
  The ghost of superbruh the Covered, an amateur MiFi (D:3)
  Menkaure (D:7)
  2 water moccasins
  9 orc warriors
  4 sky beasts
  A black bear (D:6)
  An ice beast (D:6)
  3 centaurs
  A lemure (D:7)
  2 phantoms
  5 bullfrogs
  7 kobold brigands
  2 necrophages
  A scorpion (D:6)
  10 wights
  9 killer bees
  2 howler monkeys (D:10)
  4 jellies
  3 gnoll boudas
  A hound (D:6)
  7 iguanas
  Natasha (thrice) (D:2)
  6 orc wizards
  A mummy (D:7)
  16 gnolls
  12 adders
  A shadow imp (D:6)
  3 white imps
  An ufetubus (D:5)
  3 worms (D:2)
  3 dart slugs
  15 orcs
  5 ball pythons
  12 endoplasms
  9 giant cockroaches
  8 goblins
  12 hobgoblins
  12 jackals
  A quokka (D:2)
  8 bats
  4 frilled lizards
  21 kobolds
  An orc skeleton (D:10)
  4 orc zombies (D:10)
  3 rats (D:3)
260 creatures vanquished.

Vanquished Creatures (others)
  44 fulminant prisms
44 creatures vanquished.

Grand Total: 304 creatures vanquished

Notes
Turn   | Place    | Note
-------+----------+-------------------------------------------
     0 | D:1      | OTABOTABOTAB the Deep Elf Conjurer began the quest for the
                  | Orb.
     0 | D:1      | Reached XP level 1. HP: 10/10 MP: 6/6
   199 | D:1      | You fall into a shaft and drop 1 floor!
   324 | D:1      | Reached XP level 2. HP: 15/15 MP: 8/8
   327 | D:1      | Learned a level 2 spell: Searing Ray
   558 | D:1      | Reached skill level 5 in Conjurations
   722 | D:1      | Found a faded altar of an unknown god.
   811 | D:1      | Got the Parchment of Alteration and Transposition
  1022 | D:1      | Reached XP level 3. HP: 19/19 MP: 8/10
  1434 | D:2      | Reached skill level 4 in Spellcasting
  1818 | D:2      | Reached XP level 4. HP: 24/24 MP: 4/12
  1963 | D:2      | Noticed Natasha
  1966 | D:2      | Killed Natasha
  2085 | D:2      | Reached skill level 6 in Conjurations
  2782 | D:2      | Noticed Natasha
  2798 | D:2      | HP: 2/24 [Natasha/magic dart (9)]
  2799 | D:2      | Killed Natasha
  2800 | D:2      | Reached XP level 5. HP: 3/28 MP: 8/14
  2908 | D:2      | Learned a level 4 spell: Fulminant Prism
  2913 | D:2      | Learned a level 4 spell: Iskenderun's Mystic Blast
  2962 | D:2      | Noticed Natasha
  2965 | D:2      | Killed Natasha
  3042 | D:3      | Identified the +2 whip of Lovat {freeze, Will+ Str+8}
  3189 | D:3      | Reached skill level 1 in Hexes
  3347 | D:3      | Reached skill level 1 in Translocations
  3434 | D:3      | Noticed Grinder
  3629 | D:3      | Found a runed translucent door.
  3638 | D:3      | Noticed superbruh's ghost (amateur MiFi)
  3891 | D:3      | Reached skill level 5 in Spellcasting
  3956 | D:3      | Killed Grinder
  3957 | D:3      | Reached skill level 7 in Conjurations
  3957 | D:3      | Reached skill level 2 in Hexes
  3957 | D:3      | Reached skill level 2 in Translocations
  3957 | D:3      | Reached XP level 6. HP: 32/32 MP: 11/16
  4225 | D:3      | HP: 7/32 [superbruh's ghost (5)]
  4231 | D:3      | HP: 8/32 [superbruh's ghost (9)]
  4236 | D:3      | HP: 8/32 [superbruh's ghost (8)]
  4254 | D:3      | Killed superbruh's ghost
  4255 | D:3      | Reached skill level 3 in Hexes
  4255 | D:3      | Reached XP level 7. HP: 19/36 MP: 1/17
  4617 | D:4      | Found a snail-covered altar of Cheibriados.
  4643 | D:4      | Reached skill level 6 in Spellcasting
  4649 | D:4      | Found a sparkling altar of Nemelex Xobeh.
  4761 | D:4      | Reached skill level 3 in Translocations
  5004 | D:4      | Found Zin's Purification Station.
  5009 | D:4      | Found a glowing silver altar of Zin.
  5219 | D:4      | Found a shimmering altar of Xom.
  5529 | D:5      | Entered Level 5 of the Dungeon
  5554 | D:5      | Reached skill level 8 in Conjurations
  5564 | D:5      | Reached skill level 4 in Hexes
  5771 | D:5      | Found a staircase to the Ecumenical Temple.
  5783 | Temple   | Entered the Ecumenical Temple
  5887 | Temple   | Became a worshipper of Sif Muna the Loreminder
  5998 | D:5      | Reached XP level 8. HP: 41/41 MP: 5/19
  6359 | D:5      | Reached skill level 1 in Invocations
  6826 | D:6      | Reached skill level 7 in Spellcasting
  6826 | D:6      | Reached skill level 4 in Translocations
  6831 | D:6      | Reached skill level 5 in Hexes
  7048 | D:6      | Reached skill level 9 in Conjurations
  7048 | D:6      | Reached skill level 2 in Invocations
  7724 | D:6      | Found Rinocs's General Store.
  8112 | D:6      | Found a hazy altar of Hepliaklqana.
  8551 | D:7      | Reached * piety under Sif Muna
  8644 | D:7      | Reached skill level 3 in Invocations
  8652 | D:7      | Found a flagged portal.
  8660 | D:7      | Reached XP level 9. HP: 42/45 MP: 0/22
  8677 | Bailey   | Entered a bailey
  8746 | Bailey   | Reached skill level 5 in Translocations
  8900 | Bailey   | Reached skill level 8 in Spellcasting
  8900 | Bailey   | Reached skill level 10 in Conjurations
  8937 | Bailey   | Reached skill level 4 in Invocations
  9273 | Bailey   | Found a burning altar of Makhleb.
  9480 | D:7      | Reached skill level 9 in Spellcasting
  9480 | D:7      | Reached skill level 11 in Conjurations
  9529 | D:7      | Reached skill level 5 in Invocations
  9724 | D:7      | Reached ** piety under Sif Muna
  9765 | D:7      | Found Sucluuts's General Store.
  9791 | D:7      | Found a broken altar of Ashenzari.
  9934 | D:7      | Reached XP level 10. HP: 42/50 MP: 0/25
 10337 | D:7      | Noticed Menkaure
 10340 | D:7      | Killed Menkaure
 10488 | D:7      | Noticed Pikel
 10493 | D:7      | Killed Pikel
 10494 | D:7      | Reached skill level 12 in Conjurations
 10494 | D:7      | Reached skill level 6 in Invocations
 10801 | D:7      | Reached skill level 10 in Spellcasting
 11894 | D:9      | Identified the +6 scale mail of Lesser Demons {rCorr Dex+2
                  | Stlth+}
 12064 | D:9      | Reached skill level 7 in Invocations
 12298 | D:9      | Found an ancient bone altar of Kikubaaqudgha.
 12299 | D:9      | Found a shadowy altar of Dithmenos.
 12641 | D:9      | Reached skill level 11 in Spellcasting
 12654 | D:9      | Reached *** piety under Sif Muna
 12871 | D:10     | Entered Level 10 of the Dungeon
 12930 | D:10     | Noticed a two-headed ogre
 12946 | D:10     | Killed a two-headed ogre
 12947 | D:10     | Reached skill level 13 in Conjurations
 12947 | D:10     | Reached skill level 8 in Invocations
 12947 | D:10     | Reached XP level 11. HP: 38/54 MP: 15/28
 12952 | D:10     | Slain by a shadow

Illustrated notes

Levels and vault maps discovered:
D:1:      saegor_arrival_simple_e, layout_loops_ring,
          hellmonk_ecumenical_altar_crossroads
D:2:      layout_basic, uniq_natasha
D:3:      layout_rooms, ebering_ghost_sewer_d, grunt_ministairs_1,
          nicolae_half_adder, uniq_grinder
D:4:      layout_basic, nemelex_diamond_rough_becter, general_overflow_altar,
          mainiacjoe_overflow_alcove_4, zin_purify, serial_corexii_hall,
          chequers_hall_statues_y, chequers_hall_statues_corner_a,
          chequers_hall_statues_corner_a, corexii_hall_statues_x,
          grunt_ministairs_12
D:5:      layout_cave_pools, minmay_temple_entry_sparse_star, st_stairs_4,
          uniq_edmund
D:6:      layout_layer_cave, mainiacjoe_overflow_paths, serial_shops,
          kennysheep_mini_moat, chequers_serial_rivers_large_a,
          chequers_serial_rivers_micro_a, roderic_serpentine_path
D:7:      minmay_angry_zag, layout_basic, mainiacjoe_overflow_six_doors_small,
          enter_bailey_2, gup_ossuary_entry_pyramid, serial_shops,
          nicolae_shop_statue_plus, st_stairs_6, minmay_bent, uniq_pikel,
          uniq_menkaure
D:8:      layout_loops_ring, minmay_misc_feat_encased
D:9:      layout_roguey, minitemple
D:10:     layout_cross, nicolae_wu_jian_immortal_techniques, zombieorc2_lemuel
Temple:   nicolae_temple_ecumenical_triangle

Skill      XL: |  1  2  3  4  5  6  7  8  9 10 |
---------------+-------------------------------+-----
Conjurations   | 5 6 7 8 9 11 13 | 13.2
Spellcasting   | 4 5 6 7 9 11 | 11.8
Hexes          | 2 3 4 5 |  5.0
Translocations | 2 3 4 5 |  5.0
Invocations    | 3 5 8 |  8.3
Dodging        | |  2.4
Stealth        | |  2.4

Action                     |  1- 3 |  4- 6 |  7- 9 | 10-12 || total
---------------------------+-------+-------+-------+-------++-------
  Melee: Dagger            |     9 |     8 |       |       ||    17
         Whip              |       |    18 |     3 |       ||    21
         Punch             |       |     1 |       |       ||     1
         Staff             |       |       |     5 |     6 ||    11
   Cast: Magic Dart        |    82 |    67 |   129 |    21 ||   299
         Searing Ray       |       |     9 |    26 |    20 ||    55
         Fulminant Prism   |       |     4 |    23 |    18 ||    45
         Iskenderun's Myst |       |     8 |    41 |    30 ||    79
 Invoke: Channel Magic     |       |       |       |     3 ||     3
  Evoke: Wand              |       |       |     2 |       ||     2
    Use: Scroll            |     5 |     4 |     6 |     3 ||    18
         Potion            |       |     9 |     2 |       ||    11
 Armour: Robe              |     1 |     8 |     9 |    14 ||    32
  Dodge: Dodged            |     3 |    30 |    40 |    24 ||    97

Table legend: (Time is in decaauts)
 A = Elapsed time spent in this place.
 B = Non-inter-level travel time spent in this place.
 C = Inter-level travel time spent in this place.
 D = Time resting spent in this place.
 E = Time spent auto-exploring this place.
 F = Levels seen in this place.
 G = Mean time per level.
                   A        B        C        D        E       F      G
               +--------+--------+--------+--------+--------+-----+--------+
         Total |  12970 |  12393 |    577 |   1534 |   9403 |  12 | 1080.8 |
       Dungeon |  12197 |  11632 |    565 |   1262 |   9083 |  10 | 1219.7 |
        Temple |    117 |    105 |     12 |      0 |     88 |   1 |  117.0 |
        Bailey |    655 |    655 |      0 |    272 |    232 |   1 |  655.0 |
               +--------+--------+--------+--------+--------+-----+--------+

Top non-repeatable levels by time:
     D:2: 2028 daAuts
     D:6: 1906 daAuts
     D:7: 1732 daAuts
     D:3: 1249 daAuts
     D:1: 1125 daAuts
     D:4: 1111 daAuts
     D:9: 1085 daAuts
     D:5: 959 daAuts
     D:8: 916 daAuts
  Bailey: 655 daAuts
  Temple: 117 daAuts
    D:10: 80 daAuts

Table legend:
 A = Kills in this place as a percentage of kills in entire the game.
 B = Kills by you in this place as a percentage of kills by you in the entire game.
 C = Kills by friends in this place as a percentage of kills by friends in the entire game.
 D = Other kills in this place as a percentage of other kills in the entire game.
 E = Experience gained in this place as a percentage of experience gained in the entire game.
 F = Experience gained in this place divided by the number of levels of this place that you have seen.
                   A       B       C       D       E      F
               +-------+-------+-------+-------+-------+----------------------
         Total | 100.0 | 100.0 |   N/A |   N/A | 100.0 | 1066.8
       Dungeon |  92.3 |  92.3 |   N/A |   N/A |  88.1 | 1127.5
        Bailey |   7.7 |   7.7 |   N/A |   N/A |  11.9 | 1527.0
               +-------+-------+-------+-------+-------+----------------------
